 Dungeon Crawl Stone Soup version 0.29-a0-841-g116ddc6ace (webtiles) character file.

Game seed: 5385287119925614806

399 lesbiats the Conjurer (level 6, 0/44 (51) HPs)
             Began as a Draconian Conjurer on July 14, 2022.
             Was an Initiate of Ashenzari.
             Slain by a wight
             ... wielding a +0 battleaxe
              (3 damage)
             ... on level 5 of the Dungeon on July 15, 2022.
             The game lasted 00:22:01 (4888 turns).

lesbiats the Conjurer (Draconian Conjurer)          Turns: 4888, Time: 00:22:02

HP:   0/44 (51)     AC: 11    Str:  9    XL:     6   Next: 53%
MP:   4/11          EV: 12    Int: 21    God:    Ashenzari [......]
Gold: 236           SH:  0    Dex:  9    Spells: 5/11 levels left

rFire   . . .      SeeInvis +   j - +4 quarterstaff (chaos)
rCold   . . .      Faith    .   (shield currently unavailable)
rNeg    . . .      Spirit   .   (body armour unavailable)
rPois   .          Reflect  .   (helmet restricted)
rElec   .          Harm     .   r - +0 cloak
rCorr   .          Rampage  .   (no gloves)
Will    .....                   (no boots)
Stlth   ++........              (no amulet)
HPRegen 0.14/turn               g - +4 ring of protection
MPRegen 0.12/turn               n - ring of see invisible

@: slowed, heavily drained, very slow
A: AC +6, unfitting armour, cold-blooded
a: Renounce Religion


You were on level 5 of the Dungeon.
You worshipped Ashenzari.
Ashenzari was noncommittal.
You visited 1 branch of the dungeon, and saw 5 of its levels.

You collected 236 gold pieces.

Inventory:

Hand Weapons
 i - a +0 hand axe
 j - a +4 quarterstaff of chaos (weapon)
 q - a +2 flail of protection
Missiles
 b - 4 javelins
 k - 11 poisoned darts
 p - a throwing net
Armour
 r - a +0 cloak (worn)
Magical Staves
 f - a staff of death
Jewellery
 g - a +4 ring of protection (left hand)
 n - a ring of see invisible (right hand)
Scrolls
 e - a scroll of magic mapping {unknown}
 m - a scroll of teleportation {unknown}
Potions
 a - a potion of magic
 d - a potion of attraction
 h - a potion of might
 l - a potion of curing {unknown}
 o - a potion of resistance {unknown}
 s - a potion of brilliance {unknown}


   Skills:
 + Level 3.2 Fighting
 - Level 1.7 Dodging
 - Level 1.7 Stealth
 + Level 3.4 Spellcasting
 * Level 6.1 Conjurations
 + Level 1.2 Hexes


You had 5 spell levels left.
You knew the following spells:

 Your Spells              Type           Power      Damage    Failure   Level
a - Magic Dart            Conj           100%       1d8       1%          1
b - Searing Ray           Conj           58%        2d6       1%          2
c - Dazzling Flash        Conj/Hex       38%        N/A       9%          3

Your spell library contained the following spells:

 Spells                   Type           Power      Damage    Failure   Level
 Summon Small Mammal      Summ           12%        N/A       13%         1
 Ensorcelled Hibernation  Hex/Ice        12%        N/A       14%         2
 Passwall                 Tmut/Erth      2%         N/A       19%         2
 Fulminant Prism          Conj/Hex       9%         3d7       26%         4
 Summon Guardian Golem    Hex/Summ       6%         N/A       28%         3
 Iskenderun's Mystic Bla  Conj/Tloc      16%        2d5       34%         4
 Call Canine Familiar     Summ           3%         N/A       36%         3
 Swiftness                Air            3%         N/A       36%         3
 Orb of Destruction       Conj           14%        9d7       100%        7
 Spellforged Servitor     Conj/Summ      8%         N/A       100%        7


Dungeon Overview and Level Annotations

Branches:
Dungeon (5/15)             Temple (0/1) D:4

Altars:
Ashenzari
Makhleb
Zin


Innate Abilities, Weirdness & Mutations

Your plain brown scales are hard. (AC +6)
You cannot fit into any form of body armour.
You are cold-blooded and may be slowed by cold attacks.


Message History

The wight barely misses you.
The wight hits you with a +4 scimitar of freezing!
You feel yourself slow down. The wight freezes you.
You barely miss the wight.
You tail-slap the wight, but do no damage.
The wight is almost destroyed.
The wight hits you with a +0 battleaxe!
You feel drained.
* * * LOW HITPOINT WARNING * * *
The wight hits you but does no damage. The wight closely misses you.
The wight hits you with a +0 battleaxe.
* * * LOW HITPOINT WARNING * * *
Okay, then.
You feel much better.
You feel yourself speed up. The wight hits you with a +0 battleaxe.
The wight closely misses you. The wight barely misses you.
The wight misses you.
Casting: Searing Ray (safe; 1% risk of failure)
Confirm with . or Enter, or press ? or * to list all spells.
Aiming: Searing Ray (safe; 1% risk of failure)
Press: ? - help, Shift-Dir - straight line, f - wight
Aim: a wight, wielding a +0 falchion and wearing a +0 robe (79% to hit)
The searing ray hits the wight.
The wight is severely damaged.
The searing ray misses the wight. x2 (Press . to maintain the ray.)
You hear a shout!
The wight barely misses you.
The wight hits you with a +4 scimitar of freezing!
You feel drained.
You feel yourself slow down. The wight freezes you.
You hear a shout! x2
The searing ray hits the wight!
You destroy the wight!
The searing ray hits the wight.
The wight is moderately damaged.
The searing ray hits the wight.
The wight is lightly damaged.
The wight hits you with a +0 battleaxe!
* * * LOW HITPOINT WARNING * * *
You feel drained.
You die...

#.# .#
#.######.########.#
#.......)......<.#
#.####..##.#..##..#
#..##.#..# ##.#
#..#..#..# .#
#..#.##..# #
#........##
#.......z@#
.....##.##.#)#
####. #.##.#z# #.
#....#zo...o.. ..
#.#######z...o #.
#.. z..o #.. .o. #.
.. #


You could see 3 wights and an orc.

Vanquished Creatures
  A necrophage (D:4)
  A wight (D:5)
  Crazy Yiuf (D:4)
  Natasha (thrice) (D:3)
  An iguana (D:4)
  8 gnolls
  4 adders (D:2)
  2 ufetubi (D:5)
  2 worms
  3 dart slugs
  An orc (D:4)
  11 endoplasms
  2 giant cockroaches (D:1)
  5 goblins
  7 hobgoblins
  6 jackals
  6 kobolds
  A quokka (D:1)
  3 ball pythons
  7 bats
  4 frilled lizards
  4 rats
83 creatures vanquished.

Notes
Turn   | Place    | Note
-------+----------+-------------------------------------------
     0 | D:1      | lesbiats the Draconian Conjurer began the quest for the
                  | Orb.
     0 | D:1      | Reached XP level 1. HP: 14/14 MP: 3/3
   284 | D:1      | Reached XP level 2. HP: 15/22 MP: 0/5
   620 | D:1      | Reached skill level 1 in Fighting
  1005 | D:1      | Learned a level 2 spell: Searing Ray
  1014 | D:1      | Reached XP level 3. HP: 26/28 MP: 2/6
  1764 | D:2      | Reached XP level 4. HP: 31/36 MP: 2/7
  2081 | D:2      | Reached skill level 5 in Conjurations
  2866 | D:3      | Reached XP level 5. HP: 42/42 MP: 2/9
  3132 | D:3      | Noticed Natasha
  3138 | D:3      | Killed Natasha
  3399 | D:3      | Noticed Natasha
  3412 | D:3      | Killed Natasha
  3610 | D:3      | Learned a level 3 spell: Dazzling Flash
  3670 | D:3      | Noticed Natasha
  3674 | D:3      | Killed Natasha
  3869 | D:4      | Found a glowing silver altar of Zin.
  3958 | D:4      | Found a runed translucent door.
  3959 | D:4      | Noticed Crazy Yiuf
  4059 | D:4      | Reached XP level 6. HP: 46/51 MP: 4/10
  4175 | D:4      | Found a broken altar of Ashenzari.
  4191 | D:4      | Reached skill level 6 in Conjurations
  4331 | D:4      | Reached skill level 1 in Hexes
  4449 | D:4      | Became a worshipper of Ashenzari the Shackled
  4469 | D:4      | Found a staircase to the Ecumenical Temple.
  4529 | D:4      | Found a burning altar of Makhleb.
  4697 | D:4      | Killed Crazy Yiuf
  4811 | D:5      | Entered Level 5 of the Dungeon
  4811 | D:5      | Noticed an ice beast
  4888 | D:5      | Slain by a wight

Illustrated notes

Levels and vault maps discovered:
D:1:      matt_arrival_los_fun, layout_basic, minmay_misc_feat_room
D:2:      layout_basic, serial_rivers, chequers_serial_rivers_room_b,
          chequers_serial_rivers_large_a, chequers_serial_rivers_micro_a,
          chequers_serial_rivers_micro_d, chequers_serial_rivers_micro_e,
          dreamdust_wishing_well, minmay_vboxes
D:3:      layout_loops_cross, uniq_natasha
D:4:      layout_rooms, mainiacjoe_overflow_catwalk, lemuel_round_altar,
          nicolae_overflow_crystal_walls, minmay_temple_entry_crystal_x,
          uniq_crazy_yiuf_cottage
D:5:      layout_loops_cross, mainiacjoe_overflow_chevrons,
          nicolae_tso_besieged_by_evil, mainiacjoe_overflow_six_doors_small,
          serial_shops, shop

Skill      XL: |  1  2  3  4  5  6 |
---------------+-------------------+-----
Fighting       | 1 2 3 |  3.2
Conjurations   | 5 6 |  6.1
Spellcasting   | 3 |  3.4
Hexes          | 1 |  1.2
Dodging        | |  1.7
Stealth        | |  1.7

Action                   |  1- 3 |  4- 6 || total
-------------------------+-------+-------++-------
Melee: Unarmed           |    30 |       ||    30
       Tailslap          |    10 |     6 ||    16
       Club              |    13 |       ||    13
       Hand axe          |       |    37 ||    37
       Quarterstaff      |       |     5 ||     5
Throw: Dart              |       |     3 ||     3
 Cast: Magic Dart        |    70 |    86 ||   156
       Searing Ray       |     1 |     8 ||     9
  Use: Scroll            |       |     3 ||     3
       Potion            |       |     1 ||     1
 Stab: Sleeping          |     1 |       ||     1
Armor: Skin              |    24 |    26 ||    50
Dodge: Dodged            |    49 |    59 ||   108

Table legend: (Time is in decaauts)
 A = Elapsed time spent in this place.
 B = Non-inter-level travel time spent in this place.
 C = Inter-level travel time spent in this place.
 D = Time resting spent in this place.
 E = Time spent auto-exploring this place.
 F = Levels seen in this place.
 G = Mean time per level.
                   A        B        C        D        E       F      G
               +--------+--------+--------+--------+--------+-----+--------+
         Total |   4916 |   4536 |    380 |   1846 |   2016 |   5 |  983.2 |
       Dungeon |   4916 |   4536 |    380 |   1846 |   2016 |   5 |  983.2 |
               +--------+--------+--------+--------+--------+-----+--------+

Top non-repeatable levels by time:
     D:2: 1465 daAuts
     D:1: 1349 daAuts
     D:3: 1062 daAuts
     D:4: 976 daAuts
     D:5: 63 daAuts
